 Dungeon Sprint DCSS version 0.30-a0-777-ga9a30cbeda (webtiles) character file.

Game seed: 15421372031653859179

110 nuthulu the Ruffian (level 4, -6/52 HPs)
             Began as a Troll Monk on Feb 13, 2023.
             Mangled by a deep elf pyromancer
             ... wielding a +4 long sword of holy wrath
              (12 damage)
             ... in the Dungeon (Sprint III: "The Ten Rune Challenge").
             The game lasted 00:01:26 (379 turns).

nuthulu the Ruffian (Troll Monk)                     Turns: 379, Time: 00:01:26

Health: -6/52      AC:  5    Str: 21    XL:     4   Next: 61%
Magic:  3/3        EV: 10    Int:  6    God:
Gold:   27         SH:  0    Dex: 12    Spells: 3/3 levels left

rFire   . . .      SeeInvis .      - Unarmed
rCold   . . .      Faith    .    (no shield)
rNeg    . . .      Spirit   .    a - +0 robe
rPois   .          Reflect  .    (helmet restricted)
rElec   .          Harm     .    j - +0 cloak
rCorr   .          Rampage  .    (gloves unavailable)
Will    .....      NoTele   +    (boots unavailable)
Stlth   ++                       (no amulet)
HPRegen 1.08/turn                (no ring)
MPRegen 0.08/turn                (no ring)

@: hasted, very quick
A: large, unfitting armour, claws 3, regeneration 1, shaggy fur 1, tough skin 1
a: no special abilities


You were in the Dungeon.
You visited 1 branch You collected 27 gold pieces.

Inventory:

Armour
 a - a +0 robe (worn)
 j - a +0 cloak (worn)
Scrolls
 h - a scroll of blinking
 k - a scroll of poison {unknown}
 m - a scroll of torment {unknown}
Potions
 b - a potion of ambrosia
 c - a potion of curing
 e - a potion of haste
 f - 3 potions of magic
 i - 2 potions of brilliance
 o - 4 potions of mutation


   Skills:
 + Level 6.0 Fighting
 - Level 2.4 Dodging
 - Level 1.0 Stealth
 + Level 7.2 Unarmed Combat


You had 3 spell levels left.
You didn't know any spells.
Your spell library contained the following spells:

 Spells                   Type           Power      Damage    Failure   Level
 Apportation              Tloc           0%         N/A       45%         1
 Necrotise                Necr           0%         1d4       45%         1
 Summon Small Mammal      Summ           0%         N/A       45%         1


Dungeon Overview and Level Annotations

Branches:
Dungeon (1/1)

Altars:
Elyvilon
Zin
The Shining One


Innate Abilities, Weirdness & Mutations

You are too large for most types of armour.
You have claws for hands.
Your natural rate of healing is unusually fast.
You are covered in fur. (AC +1)
You have tough skin. (AC +1)


Message History

You start resting.
HP restored.
There is a fountain of clear blue water here.
You close the door.
You start waiting.
You feel yourself speed up.
You start waiting.
You recover from your berserk rage.
There is a fountain of clear blue water here.
You open the door.
Found three altars.
A deep elf pyromancer comes into view.
It is wielding a +4 long sword of holy wrath.
Found a potion of curing.
The deep elf pyromancer shouts!
There is an open door here.
You closely miss the deep elf pyromancer.
You claw the deep elf pyromancer.
The deep elf pyromancer is lightly wounded.
The deep elf pyromancer casts a spell.
You scratch the deep elf pyromancer but do no damage.
Your claw misses the deep elf pyromancer.
The deep elf pyromancer is lightly wounded.
The deep elf pyromancer barely misses you.
You completely miss the deep elf pyromancer.
You claw the deep elf pyromancer!
The deep elf pyromancer is heavily wounded.
The deep elf pyromancer hits you with a +4 long sword of holy wrath!
The fire elemental hits you. The fire elemental burns you!
You miss the deep elf pyromancer.
The deep elf pyromancer is heavily wounded.
The fire elemental hits you. The fire elemental burns you!
The deep elf pyromancer barely misses you.
You feel much better. The fire elemental hits you.
The fire elemental burns you!
The deep elf pyromancer gestures at you while chanting.
The bolt of fire hits you!
You feel yourself speed up. The fire elemental hits you.
The fire elemental burns you!
* * * LOW HITPOINT WARNING * * *
The deep elf pyromancer hits you with a +4 long sword of holy wrath!
You die...

▓▓▓▓ ▓▓▓ ...####
##.#####
..†...#####..#_°_#
.......#!.#..#!eE#
#.##...#..#..###@#+###+#
#.###..##'#..#..........
##.##..###...+.⌠........
..##..####...#...######+
..##..###....#.⌠.#
.##†.†##.....#...#
##....#......#+###
##..##.#..)..#
#..#####....#


You could see a deep elf pyromancer and a fire elemental (summoned).

Vanquished Creatures
  A water elemental (D)
  Crazy Yiuf (D)
  A human (D)
  An endoplasm (D)
  3 rats (D)
7 creatures vanquished.

Notes
Turn   | Place    | Note
-------+----------+-------------------------------------------
     0 | D        | nuthulu the Troll Monk began the quest for the Orb.
     0 | D        | Reached XP level 1. HP: 22/22 MP: 0/0
   173 | D        | Reached skill level 4 in Unarmed Combat
   173 | D        | Reached XP level 2. HP: 17/32 MP: 1/1
   190 | D        | Noticed Crazy Yiuf
   196 | D        | Killed Crazy Yiuf
   197 | D        | Reached skill level 5 in Unarmed Combat
   197 | D        | Reached XP level 3. HP: 32/41 MP: 0/2
   318 | D        | Noticed a water elemental
   321 | D        | Killed a water elemental
   322 | D        | Reached skill level 7 in Unarmed Combat
   322 | D        | Reached XP level 4. HP: 52/52 MP: 3/3
   372 | D        | Found a glowing silver altar of Zin.
   372 | D        | Found a glowing golden altar of the Shining One.
   372 | D        | Found a white marble altar of Elyvilon.
   373 | D        | Noticed a deep elf pyromancer
   375 | D        | Noticed a fire elemental
   379 | D        | Mangled by a deep elf pyromancer

Illustrated notes

Levels and vault maps discovered:
D:        dungeon_sprint_mu [sprint_mu_entry_cave, sprint_mu_temple_rooms,
          sprint_mu_d1_horrors, sprint_mu_d2_genie, sprint_mu_d3_branching,
          sprint_mu_orc_legion, sprint_mu_elf_gauntlet, sprint_mu_hive_nellie,
          sprint_mu_lair_fedhas, sprint_mu_vaults_butterflies,
          sprint_mu_slime_circle, sprint_mu_swamp_cave, sprint_mu_snake_twists,
          sprint_mu_blade_basic, sprint_mu_crypt_fortress,
          sprint_mu_tomb_spiral, sprint_mu_vestibule_basic,
          sprint_mu_gehenna_hellfire, sprint_mu_dis_giant,
          sprint_mu_tartarus_statrot, sprint_mu_cocytus_islands, sprint_mu_zot1]

Skill      XL: |  1  2  3 |
---------------+----------+-----
Fighting       | 4 6 |  6.0
Unarmed Combat | 4 5 7 |  7.2
Dodging        | |  2.4
Stealth        | |  1.0

Action                     |  1- 3 |  4- 6 || total
---------------------------+-------+-------++-------
  Melee: Unarmed           |    31 |     4 ||    35
         Punch             |     1 |     2 ||     3
    Use: Scroll            |     2 |       ||     2
         Potion            |     1 |     2 ||     3
 Armour: Robe              |     7 |     2 ||     9
  Dodge: Dodged            |     9 |     2 ||    11

Table legend: (Time is in decaauts)
 A = Elapsed time spent in this place.
 B = Non-inter-level travel time spent in this place.
 C = Inter-level travel time spent in this place.
 D = Time resting spent in this place.
 E = Time spent auto-exploring this place.
 F = Levels seen in this place.
 G = Mean time per level.
                   A        B        C        D        E       F      G
               +--------+--------+--------+--------+--------+-----+--------+
         Total |    387 |    387 |      0 |    245 |      0 |   1 |  387.0 |
       Dungeon |    387 |    387 |      0 |    245 |      0 |   1 |  387.0 |
               +--------+--------+--------+--------+--------+-----+--------+

Top non-repeatable levels by time:
       D: 387 daAuts
